 Dungeon Crawl Stone Soup version 0.31-a0-152-g6aa68a64a1 (webtiles) character file.

Game seed: 6671869999105265975

723 billz999 the Skirmisher (level 7, -4/44 (56) HPs)
             Began as a Gnoll Hunter on June 10, 2023.
             Shot with an arrow by a centaur (9 damage)
             ... on level 5 of the Dungeon.
             The game lasted 00:10:37 (3762 turns).

billz999 the Skirmisher (Gnoll Hunter)              Turns: 3762, Time: 00:10:37

HP:   -4/44 (56)    AC:  4    Str:  6    XL:     7   Next: 71%
MP:   8/11          EV: 19    Int: 14    God:
Gold: 154           SH:  0    Dex: 19    Spells: 8/11 levels left

rFire   + + .        a - +0 shortbow
rCold   x . .        (shield currently unavailable)
rNeg    . . .        c - +0 leather armour
rPois   .            (no helmet)
rElec   .            (no cloak)
rCorr   .            x - +0 pair of gloves
SInv    .            (no boots)
Will    .....        (no amulet)
Stlth   +++          r - ring of Xyst {rF+ EV+5 Str-4 Int+3 Dex+4}
HPRegen 0.27/turn    C - ring of fire
MPRegen 0.12/turn

%: no passive effects
@: heavily drained
A: fangs 1, strong nose, distributed training
a: no special abilities


You were on level 5 of the Dungeon.
You visited 1 branch of the dungeon, and saw 5 of its levels.

You collected 154 gold pieces.

Inventory:

Hand Weapons
 a - a +0 shortbow (weapon)
 j - a +0 dagger of venom
Missiles
 l - 14 poisoned darts
Armour
 c - a +0 leather armour (worn)
 x - a +0 pair of gloves (worn)
Jewellery
 r - the ring of Xyst (left hand) {rF+ EV+5 Str-4 Int+3 Dex+4}
   (You found it on level 2 of the Dungeon)

   [ring of evasion]

   EV:        It affects your evasion (+5).
   Str:       It affects your strength (-4).
   Int:       It affects your intelligence (+3).
   Dex:       It affects your dexterity (+4).
   rF:        It protects you from fire.
 C - a ring of fire (right hand)
Wands
 u - a wand of iceblast (1)
 y - a wand of digging (6)
Scrolls
 b - a scroll of noise
 d - a scroll of vulnerability
 f - 2 scrolls of teleportation
 g - a scroll of enchant armour {unknown}
 m - a scroll of blinking
 o - 2 scrolls of brand weapon {unknown}
 q - 3 scrolls of summoning
 s - a scroll of fear {unknown}
 v - a scroll of amnesia {unknown}
 w - a scroll of magic mapping {unknown}
 D - a scroll of poison {unknown}
Potions
 e - 2 potions of curing
 h - a potion of degeneration {unknown}
 i - 3 potions of heal wounds
 k - a potion of might {unknown}
 n - a potion of invisibility {unknown}
 p - a potion of magic {unknown}
 t - 2 potions of resistance {unknown}
 z - a potion of lignification {unknown}
 A - a potion of haste {unknown}
 B - a potion of attraction {unknown}
 E - a potion of enlightenment {unknown}


   Skills:
 + Level 5.4 Fighting
 + Level 2.7 Short Blades
 + Level 2.7 Long Blades
 + Level 2.7 Axes
 + Level 2.7 Maces & Flails
 + Level 2.7 Polearms
 + Level 2.7 Staves
 + Level 9.0 Ranged Weapons
 + Level 2.7 Throwing
 + Level 2.7 Armour
 + Level 5.4 Dodging
 + Level 3.7 Stealth
 + Level 2.7 Shields
 + Level 2.7 Unarmed Combat
 + Level 2.7 Spellcasting
 + Level 2.2 Conjurations
 + Level 2.2 Hexes
 + Level 2.2 Summonings
 + Level 2.2 Necromancy
 + Level 2.2 Translocations
 + Level 2.2 Transmutations
 + Level 2.2 Fire Magic
 + Level 2.2 Ice Magic
 + Level 2.2 Air Magic
 + Level 2.2 Earth Magic
 + Level 2.2 Poison Magic
 + Level 3.0 Invocations
 + Level 2.7 Evocations


You had 8 spell levels left.
You knew the following spells:

 Your Spells              Type           Power      Damage    Failure   Level
a - Mephitic Cloud        Conj/Pois/Air  8%         N/A       36%         3

Your spell library contained the following spells:

 Spells                   Type           Power      Damage    Failure   Level
 Magic Dart               Conj           32%        1d4       13%         1
 Call Imp                 Summ           16%        N/A       21%         2
 Ozocubu's Armour         Ice            8%         N/A       36%         3
 Metabolic Englaciation   Hex/Ice        4%         N/A       98%         5
 Simulacrum               Ice/Necr       4%         N/A       100%        6


Dungeon Overview and Level Annotations

Branches:
Dungeon (5/15)
 Temple: D:4-7

Altars:
Ru
Xom


Innate Abilities, Weirdness & Mutations

You have very sharp teeth.
Your uncanny sense of smell can sniff out nearby items.
Your experience applies equally to all skills.


Message History

You feel drained.
* * * LOW HITPOINT WARNING * * *
The centaur shoots an arrow.
The arrow completely misses you.
It was a potion of heal wounds.
You feel much better.
Casting: Mephitic Cloud (quite dangerous; 36% risk of failure)
Confirm with . or Enter, or press ? or * to list all spells.
Okay, then.
Aiming: Iceblast
Press: ? - help, Shift-Dir - straight line The mass of ice explodes!
The iceblast engulfs the centaur!!
The centaur is severely wounded.
The centaur shoots an arrow.
The arrow misses you.
The centaur shoots an arrow.
The arrow closely misses you.
Unknown command.
Unknown command.
Fire: a) +0 shortbow
Press: ? - help, Shift-Dir - straight line, f - centaur
Aim: a centaur, wielding a +3 shortbow of draining (severely wounded, 76% to hit)
You shoot an arrow.
The arrow hits the centaur but does no damage.
The centaur is severely wounded.
The centaur shoots an arrow.
The arrow hits you!
You feel drained.
Fire: a) +0 shortbow
Press: ? - help, Shift-Dir - straight line, f/p - centaur
Aim: a centaur, wielding a +3 shortbow of draining (severely wounded, 76% to hit)
You shoot an arrow. The arrow hits the centaur.
The centaur is almost dead.
The centaur shoots an arrow.
The arrow hits you!
* * * LOW HITPOINT WARNING * * *
You feel drained.
* * * LOW HITPOINT WARNING * * *
Fire: a) +0 shortbow
Press: ? - help, Shift-Dir - straight line, f/p - centaur
Aim: a centaur, wielding a +3 shortbow of draining (almost dead, 76% to hit)
You shoot an arrow.
The arrow hits the centaur but does no damage.
The centaur is almost dead.
The centaur shoots an arrow.
The arrow misses you.
The centaur shoots an arrow.
The arrow hits you!
You die...

#........# ##........#
.. #..#.....## .#
#.#.......## .#
#.#........# .# #
#.#........### .# .#
#.##.....#...####.#.###
#.###...####.#.$......#
#.# ##### #.#..@.....#
#.# #.#........# #.#
#..###.#..... #.# ##.#
....### #.# #.# .c.##
.# #.###########.. ...#
... ...............#
#..# ###..
#.####..######.# ..#
##..... #.#
##.######.###..# ##.
#..####


You could see a centaur.

Vanquished Creatures
  Pikel (D:4)
  An ogre (D:5)
  A jelly (D:5)
  An iguana (D:5)
  7 adders
  A worm (D:5)
  2 dart slugs
  5 orcs (D:3)
  6 bats
  7 endoplasms
  5 giant cockroaches
  9 goblins
  6 hobgoblins
  6 jackals
  7 quokkas
  5 ball pythons
  4 frilled lizards
  9 kobolds
  6 rats
89 creatures vanquished.

Notes
Turn   | Place    | Note
-------+----------+-------------------------------------------
     0 | D:1      | billz999 the Gnoll Hunter began the quest for the Orb.
     0 | D:1      | Reached XP level 1. HP: 20/20 MP: 1/1
   114 | D:1      | Reached XP level 2. HP: 26/26 MP: 2/2
   755 | D:1      | Reached XP level 3. HP: 31/31 MP: 3/3
  1151 | D:2      | Reached skill level 1 in Invocations
  1224 | D:2      | Reached skill level 1 in Short Blades
  1224 | D:2      | Reached skill level 1 in Long Blades
  1224 | D:2      | Reached skill level 1 in Axes
  1224 | D:2      | Reached skill level 1 in Maces & Flails
  1224 | D:2      | Reached skill level 1 in Polearms
  1224 | D:2      | Reached skill level 1 in Staves
  1224 | D:2      | Reached skill level 1 in Throwing
  1224 | D:2      | Reached skill level 1 in Armour
  1224 | D:2      | Reached skill level 1 in Shields
  1224 | D:2      | Reached skill level 1 in Unarmed Combat
  1224 | D:2      | Reached skill level 1 in Spellcasting
  1224 | D:2      | Reached skill level 1 in Evocations
  1605 | D:2      | Reached XP level 4. HP: 38/38 MP: 5/5
  1709 | D:2      | Identified the ring of Xyst {rF+ EV+5 Str-4 Int+3 Dex+4}
  1787 | D:3      | Reached skill level 1 in Conjurations
  1787 | D:3      | Reached skill level 1 in Hexes
  1787 | D:3      | Reached skill level 1 in Summonings
  1787 | D:3      | Reached skill level 1 in Necromancy
  1787 | D:3      | Reached skill level 1 in Translocations
  1787 | D:3      | Reached skill level 1 in Transmutations
  1787 | D:3      | Reached skill level 1 in Fire Magic
  1787 | D:3      | Reached skill level 1 in Ice Magic
  1787 | D:3      | Reached skill level 1 in Air Magic
  1787 | D:3      | Reached skill level 1 in Earth Magic
  1787 | D:3      | Reached skill level 1 in Poison Magic
  2591 | D:3      | Found a faded altar of an unknown god.
  2647 | D:3      | Found a sacrificial altar of Ru.
  2648 | D:3      | Found a shimmering altar of Xom.
  2652 | D:3      | Reached XP level 5. HP: 43/43 MP: 7/7
  2986 | D:4      | Noticed a lemure
  2988 | D:4      | Noticed Pikel
  2989 | D:4      | Noticed a lemure
  2989 | D:4      | Noticed a lemure
  2991 | D:4      | Killed Pikel
  2992 | D:4      | Reached skill level 5 in Fighting
  2992 | D:4      | Reached skill level 5 in Dodging
  2992 | D:4      | Reached XP level 6. HP: 51/51 MP: 7/9
  2992 | D:4      | Reached XP level 7. HP: 56/56 MP: 7/10
  3540 | D:5      | Entered Level 5 of the Dungeon
  3614 | D:5      | Reached skill level 9 in Ranged Weapons
  3699 | D:5      | Learned a level 3 spell: Mephitic Cloud
  3762 | D:5      | Shot with an arrow by a centaur

Illustrated notes

Levels and vault maps discovered:
D:1:      wander_arrival_desolate, layout_basic
D:2:      layout_basic, minmay_randomly_rotated_circles
D:3:      layout_loops_cross, mainiacjoe_overflow_divided_tiny,
          basic_ecumenical_altar, minmay_fountain_box
D:4:      layout_loops_ring, uniq_pikel
D:5:      layout_rooms, cheibrodos_worm_habitat, makhleb_altar_promises_db

Skill      XL: |  1  2  3  4  5  6  7 |
---------------+----------------------+-----
Invocations    | 1 2 3 |  3.0
Short Blades   | 1 2 |  2.7
Long Blades    | 1 2 |  2.7
Axes           | 1 2 |  2.7
Maces & Flails | 1 2 |  2.7
Polearms       | 1 2 |  2.7
Staves         | 1 2 |  2.7
Throwing       | 1 2 |  2.7
Armour         | 1 2 |  2.7
Shields        | 1 2 |  2.7
Unarmed Combat | 1 2 |  2.7
Spellcasting   | 1 2 |  2.7
Evocations     | 1 2 |  2.7
Conjurations   | 1 2 |  2.2
Hexes          | 1 2 |  2.2
Summonings     | 1 2 |  2.2
Necromancy     | 1 2 |  2.2
Translocations | 1 2 |  2.2
Transmutations | 1 2 |  2.2
Fire Magic     | 1 2 |  2.2
Ice Magic      | 1 2 |  2.2
Air Magic      | 1 2 |  2.2
Earth Magic    | 1 2 |  2.2
Poison Magic   | 1 2 |  2.2
Fighting       | 5 |  5.4
Dodging        | 5 |  5.4
Stealth        | 3 |  3.7
Ranged Weapons | 9 |  9.0

Action                     |  1- 3 |  4- 6 |  7- 9 || total
---------------------------+-------+-------+-------++-------
   Fire: Shortbow          |   115 |    85 |    54 ||   254
  Throw: Dart              |     6 |       |       ||     6
   Cast: Mephitic Cloud    |       |       |     1 ||     1
  Evoke: Wand              |       |     2 |     2 ||     4
    Use: Scroll            |     1 |     5 |       ||     6
         Potion            |     1 |       |     1 ||     2
 Armour: Leather armour    |     8 |     3 |       ||    11
  Dodge: Dodged            |    34 |    19 |    13 ||    66

Table legend: (Time is in decaauts)
 A = Elapsed time spent in this place.
 B = Non-inter-level travel time spent in this place.
 C = Inter-level travel time spent in this place.
 D = Time resting spent in this place.
 E = Time spent auto-exploring this place.
 F = Levels seen in this place.
 G = Mean time per level.
                   A        B        C        D        E       F      G
               +--------+--------+--------+--------+--------+-----+--------+
         Total |   3768 |   3652 |    116 |    582 |   2530 |   5 |  753.6 |
       Dungeon |   3768 |   3652 |    116 |    582 |   2530 |   5 |  753.6 |
               +--------+--------+--------+--------+--------+-----+--------+

Top non-repeatable levels by time:
     D:1: 1046 daAuts
     D:3: 1044 daAuts
     D:4: 728 daAuts
     D:2: 727 daAuts
     D:5: 222 daAuts
